 Dungeon Crawl Stone Soup version 0.30-a0-222-ge547ba4400 (webtiles) character file.

Game seed: 10854584798525304714

2390 Decritt the Grave Robber (level 9, 0/78 HPs)
             Began as a Hill Orc Necromancer on Oct 8, 2022.
             Slain by a yak (11 damage)
             ... on level 7 of the Dungeon.
             The game lasted 00:15:08 (8464 turns).

Decritt the Grave Robber (Hill Orc Necromancer)     Turns: 8464, Time: 00:15:09

Health: 0/78       AC:  8    Str: 11    XL:     9   Next: 46%
Magic:  15/15      EV: 10    Int: 19    God:
Gold:   430        SH:  0    Dex: 11    Spells: 16/17 levels left

rFire   + . .      SeeInvis .    z - +2 battleaxe (vamp)
rCold   . . .      Faith    .    (shield currently unavailable)
rNeg    . . .      Spirit   .    c - +0 ring mail
rPois   +          Reflect  .    (no helmet)
rElec   .          Harm     .    (no cloak)
rCorr   .          Rampage  .    m - +0 pair of gloves
Will    .....                    s - +0 pair of boots
Stlth   +.........               (no amulet)
HPRegen 0.33/turn                k - ring of poison resistance
MPRegen 0.14/turn                u - ring of protection from fire

@: no status effects
A: no striking features
a: no special abilities


You were on level 7 of the Dungeon.
You visited 2 branches of the dungeon, and saw 8 of its levels.

You collected 430 gold pieces.

Inventory:

Hand Weapons
 e - a +2 dagger of electrocution
 l - a +2 war axe of draining
 z - a +2 vampiric battleaxe (weapon)
 A - a +2 morningstar of holy wrath
Missiles
 y - a throwing net
Armour
 a - a +0 robe
 c - a +0 ring mail (worn)
 h - a +0 leather armour
 m - a +0 pair of gloves (worn)
 p - a +0 chain mail
 s - a +0 pair of boots (worn)
Jewellery
 k - a ring of poison resistance (left hand)
 u - a ring of protection from fire (right hand)
Wands
 n - a wand of polymorph (12)
 q - a wand of digging (7)
 x - a wand of mindburst (8)
Scrolls
 d - a scroll of fear
 j - a scroll of fog {unknown}
 o - 3 scrolls of teleportation
 r - 3 scrolls of identify
 t - a scroll of noise {unknown}
 v - a scroll of enchant weapon {unknown}
Potions
 b - a potion of magic
 f - a potion of attraction
 g - 3 potions of degeneration
 i - 2 potions of invisibility
 w - a potion of heal wounds


   Skills:
 + Level 6.6 Fighting
 - Level 6.0 Axes
 + Level 6.1 Armour
 - Level 1.5 Dodging
 - Level 1.5 Stealth
 + Level 4.6 Spellcasting
 + Level 7.0 Necromancy


You had 16 spell levels left.
You knew the following spells:

 Your Spells              Type           Power      Damage    Failure   Level
a - Necrotise             Necr           100%       1d9       1%          1

Your spell library contained the following spells:

 Spells                   Type           Power      Damage    Failure   Level
 Vampiric Draining        Necr           31%        2d8       4%          3
 Animate Dead             Necr           31%        N/A       16%         4
 Ensorcelled Hibernation  Hex/Ice        8%         N/A       38%         2
 Agony                    Necr           31%        N/A       38%         5
 Anguish                  Hex/Necr       8%         N/A       54%         4
 Spider Form              Tmut/Pois      4%         N/A       63%         3
 Summon Forest            Summ/Tloc      2%         N/A       100%        5
 Summon Mana Viper        Hex/Summ       4%         N/A       100%        5
 Summon Cactus Giant      Summ           2%         N/A       100%        6


Dungeon Overview and Level Annotations

Branches:
Dungeon (7/15)             Temple (1/1) D:5

Altars:
Cheibriados
Dithmenos
Fedhas
Hepliaklqana
Nemelex Xobeh
Okawaru
Qazlal
Ru
Sif Muna
Trog
Uskayaw
Vehumet
Wu Jian
Xom
Yredelemnul
The Shining One

Shops:
D:4 *


Message History

A - a +2 morningstar of holy wrath The yak barely misses you.
You slash the yak!
The yak is moderately wounded.
You slash the yak!
You feel better.
The yak is lightly wounded.
You slash the yak!
You feel better. The yak gores you!
You barely miss the yak.
The yak is heavily wounded.
You hit the yak.
You feel better. The yak gores you. The yak gores you!
* * * LOW HITPOINT WARNING * * *
You slash the yak!
The yak is severely wounded.
You slash the yak! The yak closely misses you. The yak gores you!
* * * LOW HITPOINT WARNING * * *
The yak barely misses you. The yak gores you but does no damage.
You hit the yak.
The yak is almost dead.
You hit the yak.
You feel better. The yak closely misses you. The yak barely misses you.
Unknown command.
You hit the yak.
The yak is almost dead.
You hit the yak but do no damage. The yak gores you.
* * * LOW HITPOINT WARNING * * *
The yak gores you!
* * * LOW HITPOINT WARNING * * *
You slash the yak!
You feel better.
You kill the yak!
You hit the yak.
You feel better.
You kill the yak!
The yak gores you but does no damage.
Your Armour skill increases to level 6!
Your Necromancy skill increases to level 7!
You barely miss the yak. The yak gores you!
* * * LOW HITPOINT WARNING * * *
You slash the yak!
The yak is moderately wounded.
The yak gores you!
You die...

#. #+#
##.####### #.#
#...#..... ..##
###...#$#.#.##..
#........###...#
#........ #....#
#.....Y†# #[.#
#@######)#
#........#####.#
########.).....#
#.####### #.#
######## #.#
#......# #.#
#.####.# #.#
#.####.###.# #


You could see a yak.

Vanquished Creatures
  2 yaks (D:7)
  Menkaure (D:6)
  A steam dragon (D:7)
  A water moccasin (D:5)
  An ice beast (D:6)
  A sky beast (D:6)
  2 orc warriors
  A black bear (D:4)
  A phantom (D:5)
  An ogre (D:3)
  A kobold brigand (D:5)
  A gnoll sergeant (D:6)
  3 scorpions
  3 jellies
  4 orc priests
  3 hounds
  A gnoll bouda (D:5)
  3 iguanas
  6 orc wizards
  13 gnolls
  4 adders
  A shadow imp (D:6)
  A white imp (D:5)
  2 ufetubi
  A worm (D:2)
  4 dart slugs
  20 orcs
  10 ball pythons
  4 bats (D:2)
  4 endoplasms
  2 giant cockroaches
  4 goblins
  3 hobgoblins
  7 kobolds
  8 quokkas
  4 frilled lizards
  3 rats (D:1)
132 creatures vanquished.

Vanquished Creatures (others)
  3 plants (D:6)
3 creatures vanquished.

Grand Total: 135 creatures vanquished

Notes
Turn   | Place    | Note
-------+----------+-------------------------------------------
     0 | D:1      | Decritt the Hill Orc Necromancer began the quest for the
                  | Orb.
     0 | D:1      | Reached XP level 1. HP: 14/14 MP: 3/3
   753 | D:1      | Found a faded altar of an unknown god.
   761 | D:1      | Reached XP level 2. HP: 18/22 MP: 1/4
   995 | D:2      | Reached skill level 1 in Fighting
  1084 | D:2      | Reached skill level 1 in Armour
  1127 | D:2      | Reached XP level 3. HP: 22/28 MP: 3/5
  1287 | D:2      | Reached XP level 4. HP: 24/36 MP: 4/7
  2101 | D:3      | Noticed an ogre
  2106 | D:3      | Killed an ogre
  2107 | D:3      | Reached skill level 1 in Axes
  2107 | D:3      | Reached XP level 5. HP: 16/42 MP: 8/8
  2729 | D:4      | Reached XP level 6. HP: 38/51 MP: 9/9
  2853 | D:4      | Found a hide-covered altar of Uskayaw.
  2856 | D:4      | Noticed a +0 hand axe
  2856 | D:4      | Noticed a +0 dagger
  2947 | D:4      | Reached skill level 5 in Necromancy
  3109 | D:4      | Noticed a black bear
  3113 | D:4      | Killed a black bear
  3188 | D:4      | Reached XP level 7. HP: 40/57 MP: 11/11
  3559 | D:4      | Found an ornate altar of the Wu Jian Council.
  3559 | D:4      | Found a bloodstained altar of Trog.
  4008 | D:4      | Found Zoxkyiz's Gadget Gallery.
  4071 | D:5      | Entered Level 5 of the Dungeon
  4091 | D:5      | Found a staircase to the Ecumenical Temple.
  4129 | Temple   | Entered the Ecumenical Temple
  4756 | D:5      | Reached XP level 8. HP: 57/67 MP: 13/13
  4864 | D:5      | Found a shadowy altar of Dithmenos.
  5434 | D:6      | Reached skill level 5 in Fighting
  5801 | D:5      | Reached skill level 6 in Necromancy
  5996 | D:6      | Reached skill level 5 in Axes
  6245 | D:6      | Reached skill level 5 in Armour
  6514 | D:6      | Found a blossoming altar of Fedhas.
  6657 | D:6      | Noticed Menkaure
  6666 | D:6      | Killed Menkaure
  7130 | D:6      | Reached XP level 9. HP: 54/75 MP: 15/15
  7172 | D:6      | HP: 2/75 [gnoll sergeant/+0 spear (10)]
  7907 | D:6      | Found an iron altar of Okawaru.
  8214 | D:7      | Identified the +2 robe "Omest" {Harm Will+ SInv}
  8463 | D:7      | Reached skill level 7 in Necromancy
  8464 | D:7      | Slain by a yak

Illustrated notes

Levels and vault maps discovered:
D:1:      reono_arrival_forest_river, layout_basic,
          ebering_ecumenical_altar_sacrificial, minmay_misc_feat_doors
D:2:      layout_loops_ring, minmay_heptomino_d4
D:3:      minmay_spotlight, layout_basic
D:4:      layout_basic, dancing_weapons_uskayaw,
          gammafunk_temple_overflow_elements, nicolae_shop_gadgets
D:5:      layout_gridville, mainiacjoe_overflow_alcove_1,
          minmay_temple_entry_drinking_statues
D:6:      layout_loops_ring, okawaru_gym_becter, fedhas_ov_isle_minmay,
          uniq_menkaure
D:7:      layout_loops_corners
Temple:   cyrus_temple_forest

Skill      XL: |  1  2  3  4  5  6  7  8  9 |
---------------+----------------------------+-----
Fighting       | 1 2 3 4 5 6 |  6.6
Armour         | 1 2 3 4 5 6 |  6.1
Spellcasting   | 2 3 4 |  4.6
Axes           | 1 2 4 5 6 |  6.0
Necromancy     | 5 6 7 |  7.0
Dodging        | |  1.5
Stealth        | |  1.5

Action                   |  1- 3 |  4- 6 |  7- 9 || total
-------------------------+-------+-------+-------++-------
Melee: Dagger            |    29 |    34 |       ||    63
       Unarmed           |     2 |       |       ||     2
       War axe           |       |    62 |   294 ||   356
       Punch             |       |     1 |     3 ||     4
       Battleaxe         |       |       |     9 ||     9
 Cast: Necrotise         |    29 |    10 |       ||    39
  Use: Scroll            |       |    11 |     3 ||    14
       Potion            |       |     3 |     1 ||     4
 Stab: Sleeping          |       |     3 |       ||     3
Armor: Robe              |     2 |       |       ||     2
       Leather armour    |     3 |    25 |       ||    28
       Ring mail         |       |     4 |   181 ||   185
Dodge: Dodged            |    24 |    46 |   172 ||   242

Table legend: (Time is in decaauts)
 A = Elapsed time spent in this place.
 B = Non-inter-level travel time spent in this place.
 C = Inter-level travel time spent in this place.
 D = Time resting spent in this place.
 E = Time spent auto-exploring this place.
 F = Levels seen in this place.
 G = Mean time per level.
                   A        B        C        D        E       F      G
               +--------+--------+--------+--------+--------+-----+--------+
         Total |   8565 |   8340 |    225 |   1981 |   5116 |   8 | 1070.6 |
       Dungeon |   8453 |   8271 |    182 |   1981 |   5054 |   7 | 1207.6 |
        Temple |    112 |     69 |     43 |      0 |     62 |   1 |  112.0 |
               +--------+--------+--------+--------+--------+-----+--------+

Top non-repeatable levels by time:
     D:6: 2346 daAuts
     D:5: 1704 daAuts
     D:4: 1352 daAuts
     D:2: 944 daAuts
     D:1: 929 daAuts
     D:3: 872 daAuts
     D:7: 302 daAuts
  Temple: 112 daAuts
